[Event "Titled Tuesday Blitz March 29 Late 2022"]
[White "Erdogdu, Mert"]
[Black "Hoffmann, Asa"]
[WhiteFideId "6301495"]
[BlackFideId "2001470"]
[WhiteElo "2485"]
[BlackElo "2117"]
[Result "1-0"]
[Round "07"]
[TimeControl "180+1"]
[Date "2022.03.30"]
[WhiteClock "0:00:10"]
[BlackClock "0:00:17"]

1. e4 d6 2. d4 Nf6 3. Nc3 c6 4. f4 Qa5 5. Bd2 e5 6. Nf3 Bg4 7. dxe5 dxe5 8. fxe5 Nfd7 9. Nb5 Qd8 10. Nd6+ Bxd6 11. exd6 O-O 12. Bc3 Re8 13. Qd4 Nf6 14. Bd3 Nbd7 15. O-O-O Bxf3 16. gxf3 Ne5 17. Be2 Nh5 18. Rhg1 Nf4 19. Qe3 Qf6 20. Rg3 g6 21. Kb1 Rad8 22. a3 Nxe2 23. Qxe2 Rxd6 24. Rxd6 Qxd6 25. f4 Nd7 26. Rd3 Qe6 27. f5 Qe7 28. Qd2 Ne5 29. Rg3 Kg7 30. Rh3 g5 31. Rg3 h6 32. h4 f6 33. hxg5 fxg5 34. Rd3 Kf7 35. Qe2 Qf6 36. Rh3 Rg8 37. Qh5+ Ke7 38. Qxh6 Qxh6 39. Rxh6 Nf7 40. Re6+ Kd7 41. Bf6 g4 42. Re7+ Kd6 43. Rxf7 g3 44. Rg7 Re8 45. e5+ Kd5 46. Rxg3 Ke4 47. Rd3 Kxf5 48. Rd7 Rb8 49. a4 b5 50. a5 a6 51. Rc7 Ke4 52. Rxc6 Kd5 53. Rxa6 1-0


[Site "https://www.chess.com"]

[Event "Titled Tuesday Blitz March 29 Late 2022"]
[White "Estrada Nieto, Julian"]
[Black "Almedina Ortiz, Edgardo J."]
[WhiteFideId "5101018"]
[BlackFideId "3100197"]
[WhiteElo "2246"]
[BlackElo "2217"]
[Result "0-1"]
[Round "07"]
[TimeControl "180+1"]
[Date "2022.03.30"]
[WhiteClock "0:00:07"]
[BlackClock "0:00:09"]

1. e4 e5 2. Nf3 Nc6 3. Bb5 a6 4. Ba4 Nf6 5. O-O Be7 6. Re1 b5 7. Bb3 d6 8. c3 O-O 9. h3 Na5 10. Bc2 c5 11. d4 Qc7 12. Nbd2 cxd4 13. cxd4 Nc6 14. Nb3 a5 15. Be3 a4 16. Nbd2 Bd7 17. Rc1 Qb7 18. a3 Rfe8 19. Qe2 Bd8 20. d5 Na5 21. Bd3 Bb6 22. Rc3 Bxe3 23. Qxe3 Rec8 24. Rec1 Rxc3 25. Rxc3 Rc8 26. Be2 h6 27. Ne1 Qb8 28. Nc2 Nb7 29. Nb4 Nc5 30. f3 Nh5 31. Bf1 Nf4 32. Kh2 Qc7 33. g3 Ng6 34. h4 Qd8 35. Bh3 Bxh3 36. Kxh3 Qd7+ 37. Kg2 Ne7 38. Nf1 Nb3 39. Rxc8+ Qxc8 40. Nd2 Nd4 41. Qd3 Qc1 42. Nf1 Qxb2+ 43. Kh3 Qb3 44. Qxb3 axb3 45. Nd3 Nxf3 46. Ne3 Nc8 47. Nd1 Nb6 48. N1b2 Na4 49. Nd1 Nd4 50. Kg2 Kf8 51. Kf2 g5 52. h5 f5 53. exf5 Nxf5 54. g4 Ne7 55. Ke3 Nxd5+ 56. Ke4 Ndc3+ 57. Nxc3 Nxc3+ 58. Kf5 Kf7 59. Nb2 Na4 60. Nd3 b2 61. Nxb2 Nxb2 62. Ke4 Ke6 63. Ke3 d5 64. Kd2 d4 65. Kc2 Nc4 66. Kb3 Kd5 67. Kb4 Nxa3 68. Kxa3 d3 69. Kb2 Kd4 70. Kc1 e4 71. Kd1 e3 72. Ke1 b4 73. Kd1 b3 74. Ke1 b2 75. Kf1 b1=Q+ 76. Kg2 Qe1 77. Kh3 Qf1+ 78. Kg3 Qf2+ 79. Kh3 Qf3+ 80. Kh2 Qxg4 81. Kh1 Qxh5+ 82. Kg2 d2 83. Kg3 Qh4+ 84. Kf3 Qf4+ 85. Kg2 d1=Q 0-1


[Site "https://www.chess.com"]

[Event "Titled Tuesday Blitz March 29 Late 2022"]
[White "Fathy, Elameir"]
[Black "Gurevich, Dmitry"]
[WhiteFideId "10600396"]
[BlackFideId "2000407"]
[WhiteElo "2311"]
[BlackElo "2506"]
[Result "0-1"]
[Round "07"]
[TimeControl "180+1"]
[Date "2022.03.30"]
[WhiteClock "0:00:03"]
[BlackClock "0:01:24"]

1. d4 Nf6 2. c4 a6 3. g3 c5 4. dxc5 e6 5. Bg2 Bxc5 6. Nf3 O-O 7. O-O Qc7 8. b3 Be7 9. Bb2 d6 10. Nbd2 b6 11. Qc2 Bb7 12. Ng5 Nbd7 13. Bxb7 Qxb7 14. Nde4 Nxe4 15. Nxe4 Rfd8 16. Rad1 Nc5 17. Qc3 f6 18. Ng5 Bf8 19. Nf3 b5 20. Rfe1 bxc4 21. Qxc4 d5 22. Qc2 a5 23. Ba3 Rdc8 24. Qb1 Ne4 25. Bb2 a4 26. Rd3 axb3 27. Rxb3 Qa6 28. Nd4 e5 29. f3 Nd2 30. Qd3 Nxb3 31. Qxa6 Rxa6 32. Nxb3 Rxa2 0-1


[Site "https://www.chess.com"]

[Event "Titled Tuesday Blitz March 29 Late 2022"]
[White "Fernandez Siles, Luis"]
[Black "Romanchuk, Viktor"]
[WhiteFideId "2209420"]
[BlackFideId "14109271"]
[WhiteElo "2212"]
[BlackElo "2242"]
[Result "0-1"]
[Round "07"]
[TimeControl "180+1"]
[Date "2022.03.30"]
[WhiteClock "0:00:12"]
[BlackClock "0:00:07"]

1. e4 e6 2. d4 d5 3. e5 c5 4. Qg4 Nc6 5. Nf3 cxd4 6. Bd3 Qa5+ 7. Nbd2 Qc7 8. Qg3 Nge7 9. O-O Ng6 10. Re1 f6 11. Bxg6+ hxg6 12. Qxg6+ Qf7 13. Qxf7+ Kxf7 14. Nb3 fxe5 15. Nxe5+ Nxe5 16. Rxe5 Bd6 17. Re1 Bxh2+ 18. Kf1 Bd6 19. Nxd4 e5 20. Nf3 Rh1+ 21. Ke2 Rxe1+ 22. Nxe1 Bf5 23. c3 Rh8 24. Be3 a6 25. Nf3 Bg4 26. Kd2 Kf6 27. Rg1 Rh5 28. Ne1 Be6 29. f3 Rh2 30. Bf2 Rh8 31. g4 Rh2 32. Rg2 Rxg2 33. Nxg2 e4 34. fxe4 dxe4 35. Ne3 Bxa2 36. Bh4+ Kf7 37. c4 Bf4 38. Bf2 Bxc4 39. Kc3 Be6 40. Kd4 Bxe3+ 41. Bxe3 Bxg4 42. Kxe4 Bd7 43. b4 Bc6+ 44. Kf4 g6 45. Bb6 Ke6 46. Bd8 Kd5 47. Ba5 Kc4 48. Kg5 Be4 49. Kf4 Bf5 50. Ke5 Kb5 51. Kf4 Bc2 52. Bb6 Kxb6 53. Ke3 Kb5 54. Kd2 Bf5 55. Kc3 g5 56. Kd4 g4 57. Ke5 Bc8 58. Kf4 Kxb4 0-1


[Site "https://www.chess.com"]

[Event "Titled Tuesday Blitz March 29 Late 2022"]
[White "Fishbein, Alexander"]
[Black "Iskusnyh, Sergei"]
[WhiteFideId "2000377"]
[BlackFideId "4120027"]
[WhiteElo "2442"]
[BlackElo "2492"]
[Result "0-1"]
[Round "07"]
[TimeControl "180+1"]
[Date "2022.03.29"]
[WhiteClock "0:00:04"]
[BlackClock "0:00:04"]

1. e4 e6 2. d4 d5 3. exd5 exd5 4. Nf3 Nf6 5. Bd3 c5 6. dxc5 Bxc5 7. O-O O-O 8. Nc3 Nc6 9. h3 h6 10. Bf4 Re8 11. Qd2 Bb4 12. a3 Ne4 13. Bxe4 dxe4 14. Qxd8 Rxd8 15. Nxe4 Be7 16. Rad1 Bf5 17. Rxd8+ Rxd8 18. Re1 Nd4 19. Nxd4 Rxd4 20. f3 Be6 21. c3 Rd7 22. Be3 b6 23. Kf2 f5 24. Nd2 g5 25. Ke2 Bf6 26. f4 Bd5 27. g3 Re7 28. Kf2 Kf7 29. Bd4 gxf4 30. Rxe7+ Bxe7 31. gxf4 Bh4+ 32. Kf1 Ke6 33. Bf2 Bf6 34. Ke2 Bg2 35. h4 Kd5 36. c4+ Kc6 37. b4 Bb2 38. a4 Bc3 39. b5+ Kd6 40. Nb3 Be4 41. c5+ Kc7 42. cxb6+ axb6 43. Kd1 h5 44. Be3 Kb7 45. Kc1 Bd3 46. Bd4 Bc4 47. Nc5+ bxc5 48. Bxc3 Bb3 49. a5 Bc4 50. a6+ Kb6 51. a7 Kxa7 52. Kd2 Bxb5 53. Bf6 Kb6 54. Kc3 Kc6 55. Bg5 Kd5 56. Bf6 Ke4 57. Bg5 Be2 58. Kb3 Kd3 59. Bf6 c4+ 60. Kb4 Bf3 61. Be5 Be2 62. Bf6 Ke3 63. Be5 Kf3 64. Kc3 Kg4 65. Kd4 Bd3 66. Ke3 Kxh4 67. Bf6+ Kg3 68. Bc3 h4 69. Be1+ Kg4 70. Bf2 h3 71. Bg1 Kg3 72. Bf2+ Kg2 0-1


[Site "https://www.chess.com"]

[Event "Titled Tuesday Blitz March 29 Late 2022"]
[White "Gatterer, Florian"]
[Black "Burke, Paul"]
[WhiteFideId "811688"]
[BlackFideId "2605767"]
[WhiteElo "2218"]
[BlackElo "1876"]
[Result "1-0"]
[Round "07"]
[TimeControl "180+1"]
[Date "2022.03.30"]
[WhiteClock "0:00:41"]
[BlackClock "0:00:04"]

1. f4 e5 2. d3 d5 3. g3 Nc6 4. Bg2 Nf6 5. fxe5 Nxe5 6. Nf3 Nxf3+ 7. Bxf3 Bg4 8. O-O Bxf3 9. exf3 Be7 10. d4 O-O 11. Nc3 c6 12. Qd3 h6 13. Bd2 Qc7 14. Rfe1 Bd6 15. Kg2 Rae8 16. Qf5 Rxe1 17. Rxe1 Re8 18. Re2 Rxe2+ 19. Nxe2 Qd7 20. Qd3 Qe7 21. b3 a6 22. c4 Bb4 23. Bf4 Bd6 24. Be3 dxc4 25. bxc4 Qd7 26. Nc3 Bb4 27. Ne4 Nxe4 28. Qxe4 Qe7 29. Qd3 a5 30. d5 cxd5 31. cxd5 Qd6 32. Bf4 Qd7 33. d6 g5 34. Be5 b6 35. h4 gxh4 36. gxh4 Bc5 37. Bf4 Qe6 38. d7 Qxa2+ 39. Kh3 Qe6+ 40. Kg3 1-0


[Site "https://www.chess.com"]

[Event "Titled Tuesday Blitz March 29 Late 2022"]
[White "Gauri, Shankar"]
[Black "Shton, Roman"]
[WhiteFideId "5041350"]
[BlackFideId "14137461"]
[WhiteElo "2240"]
[BlackElo "2013"]
[Result "1-0"]
[Round "07"]
[TimeControl "180+1"]
[Date "2022.03.30"]
[WhiteClock "0:00:33"]
[BlackClock "0:00:01"]

1. c4 b6 2. Nc3 Bb7 3. d4 e6 4. a3 f5 5. Nf3 Nf6 6. g3 Be7 7. Bg2 O-O 8. O-O d6 9. d5 e5 10. Ng5 Bc8 11. e4 h6 12. Ne6 Bxe6 13. dxe6 f4 14. gxf4 exf4 15. e5 Nh7 16. Bxa8 c6 17. exd6 Bxd6 18. Ne4 f3 19. Qxd6 Qh4 20. e7 Re8 21. Qe6+ Kh8 22. Kh1 Na6 23. Bxc6 Nc7 24. Qd7 Nf6 25. Nxf6 Qxf6 26. Qxc7 Rxe7 27. Qd8+ Kh7 28. Be3 Qg6 29. Bxf3 Rf7 30. Rg1 Qf5 31. Rg3 Rf8 32. Qd4 Rf6 33. Be4 1-0


[Site "https://www.chess.com"]

[Event "Titled Tuesday Blitz March 29 Late 2022"]
[White "Guz, Ari"]
[Black "Buchenau, Frank"]
[WhiteFideId "2825759"]
[BlackFideId "4604350"]
[WhiteElo "1913"]
[BlackElo "2193"]
[Result "1-0"]
[Round "07"]
[TimeControl "180+1"]
[Date "2022.03.29"]
[WhiteClock "0:02:16"]
[BlackClock "0:01:28"]

1. Nf3 Nf6 2. b3 d5 3. Bb2 Bg4 4. e3 Bxf3 5. Qxf3 Nc6 6. d4 e6 7. Nd2 Bb4 8. c3 Be7 9. Bd3 e5 10. Qe2 O-O 11. O-O e4 12. Bc2 Nb8 13. c4 c6 14. f3 exf3 15. Qxf3 Bb4 16. Rad1 Re8 17. a3 Ba5 18. b4 Bc7 19. e4 dxe4 20. Nxe4 Nbd7 21. d5 Nxe4 22. Qxf7+ Kh8 23. Qxg7# 1-0


[Site "https://www.chess.com"]

[Event "Titled Tuesday Blitz March 29 Late 2022"]
[White "Hambleton, Aman"]
[Black "Hess, Robert"]
[WhiteFideId "2606577"]
[BlackFideId "2022036"]
[WhiteElo "2552"]
[BlackElo "2557"]
[Result "0-1"]
[Round "07"]
[TimeControl "180+1"]
[Date "2022.03.29"]
[WhiteClock "0:00:02"]
[BlackClock "0:00:05"]

1. d4 g6 2. c4 Bg7 3. e4 d6 4. Nc3 c5 5. d5 Bxc3+ 6. bxc3 Qa5 7. Bd2 Nd7 8. f4 Nb6 9. Bd3 Nf6 10. Nf3 Bg4 11. O-O O-O-O 12. h3 Bd7 13. e5 Nh5 14. Ng5 Rdf8 15. g4 Ng7 16. exd6 exd6 17. Ne4 Ne8 18. f5 h5 19. fxg6 fxg6 20. Rxf8 Rxf8 21. gxh5 gxh5 22. Qxh5 Kc7 23. Qe2 Qa3 24. Be1 Nc8 25. h4 Ng7 26. Bg3 Nf5 27. Rf1 Nxg3 28. Nxg3 Rg8 29. Kh2 Qxc3 30. h5 Qd4 31. Qe4 Qb2+ 32. Qe2 Qg7 33. Bg6 Rh8 34. Kg2 Rf8 35. Rxf8 Qxf8 36. Qf3 Qe7 37. Nf5 Qg5+ 38. Kf2 Nb6 39. Ne3 Qh4+ 40. Qg3 Qf6+ 41. Qf3 Qd4 42. Kg2 Nxc4 43. Nxc4 Qxc4 44. h6 Qh4 45. h7 Qg5+ 46. Qg3 Qh6 47. Bd3 b5 48. Qg8 Qh3+ 49. Kg1 Qe3+ 50. Kh2 Qh3+ 51. Kg1 Qe3+ 52. Kg2 Qd2+ 53. Be2 Qxe2+ 54. Kg3 Qe3+ 55. Kg2 Qh3+ 56. Kg1 Qe3+ 57. Kg2 Qe4+ 58. Kg1 Qd4+ 59. Kg2 Qe4+ 60. Kg1 Qe1+ 61. Kg2 Qe2+ 62. Kg1 Qd1+ 63. Kg2 Qc2+ 64. Kg3 Qc3+ 65. Kg2 Qb2+ 66. Kg3 Qa3+ 67. Kf4 Qa4+ 68. Kg3 Qa3+ 69. Kf4 Qb4+ 70. Kg5 Qd2+ 71. Kf6 Qf4+ 72. Ke7 Qe5+ 73. Kf8 Qf6+ 74. Qf7 Qh8+ 75. Qg8 Qf6+ 76. Qf7 Qe5 77. Kg8 Qg5+ 78. Qg7 Qd8+ 79. Qf8 Qg5+ 80. Qg7 Qxd5+ 81. Kf8 Qf5+ 82. Qf7 Qe5 83. Kg8 Kc6 84. h8=Q Be6 85. Qxe5 Bxf7+ 86. Kxf7 dxe5 0-1


[Site "https://www.chess.com"]

[Event "Titled Tuesday Blitz March 29 Late 2022"]
[White "Harish, Neeraj"]
[Black "Almagro Mazariegos, Sebastian"]
[WhiteFideId "30958130"]
[BlackFideId "2221640"]
[WhiteElo "1574"]
[BlackElo "2273"]
[Result "0-1"]
[Round "07"]
[TimeControl "180+1"]
[Date "2022.03.30"]
[WhiteClock "0:00:01"]
[BlackClock "0:01:12"]

1. e4 c5 2. Nf3 d6 3. d4 cxd4 4. Nxd4 Nf6 5. Nc3 a6 6. Bg5 e6 7. f4 Qb6 8. Nb3 Nbd7 9. Qf3 Qc7 10. O-O-O b5 11. Bd3 Bb7 12. Rhe1 Be7 13. g4 b4 14. Ne2 a5 15. Bxf6 gxf6 16. Nbd4 a4 17. Nb5 Qb6 18. Ned4 a3 19. b3 Nc5 20. Qe2 Nxd3+ 21. Qxd3 Ba6 22. e5 fxe5 23. fxe5 d5 24. Rf1 Rb8 25. Qf3 Bxb5 26. Qxf7+ Kd7 27. Nxb5 Qxb5 28. Rf6 Qc6 29. Qg7 Rbc8 30. c4 bxc3 31. Rf7 Rhe8 32. Rdf1 c2 33. Qxh7 Qc3 34. Rg7 Qb2+ 0-1


[Site "https://www.chess.com"]

[Event "Titled Tuesday Blitz March 29 Late 2022"]
[White "Harshavardhan G B"]
[Black "Ronka, Erik"]
[WhiteFideId "25059009"]
[BlackFideId "505080"]
[WhiteElo "1831"]
[BlackElo "2264"]
[Result "1-0"]
[Round "07"]
[TimeControl "180+1"]
[Date "2022.03.30"]
[WhiteClock "0:00:46"]
[BlackClock "0:00:08"]

1. e4 c5 2. Nf3 e6 3. d4 cxd4 4. Nxd4 a6 5. Bd3 Qc7 6. O-O Nf6 7. c4 b6 8. Nc3 Be7 9. Be3 O-O 10. f4 d6 11. Qf3 Bb7 12. Rae1 Nbd7 13. b3 b5 14. Rc1 bxc4 15. Bxc4 Qb8 16. b4 Rc8 17. Bb3 a5 18. a3 axb4 19. axb4 Ba6 20. b5 Bb7 21. Nxe6 fxe6 22. Bxe6+ Kh8 23. Qh3 Rd8 24. Bd4 Ra3 25. Bf5 Nf8 26. e5 dxe5 27. Bxe5 Qa7+ 28. Kh1 h6 29. Qg3 Qb6 30. Rc2 N8d7 31. Qg6 Nf8 32. Qf7 Re8 33. Re2 Qd8 34. Bxf6 gxf6 35. Re3 Rxc3 36. Rxc3 Bd5 37. Qh5 Bg8 38. Qxh6+ Nh7 39. Rh3 Bf8 40. Qg6 Re7 41. Qxf6+ Bg7 42. Qh4 Qf8 43. Bxh7 Bxh7 44. Qxh7# 1-0


[Site "https://www.chess.com"]

[Event "Titled Tuesday Blitz March 29 Late 2022"]
[White "Hjartarson, Johann"]
[Black "Demchenko, Anton"]
[WhiteFideId "2300044"]
[BlackFideId "4160258"]
[WhiteElo "2450"]
[BlackElo "2539"]
[Result "0-1"]
[Round "07"]
[TimeControl "180+1"]
[Date "2022.03.29"]
[WhiteClock "0:00:04"]
[BlackClock "0:00:10"]

1. e4 e5 2. Nf3 Nc6 3. Bb5 a6 4. Ba4 Nge7 5. Nc3 d6 6. O-O h6 7. h3 g5 8. d4 b5 9. Bb3 g4 10. hxg4 Bxg4 11. dxe5 dxe5 12. Nd5 Bg7 13. Be3 Nd4 14. Bxd4 exd4 15. a4 Rb8 16. axb5 axb5 17. Qd3 c5 18. Nxe7 Qxe7 19. Bd5 c4 20. Bc6+ Kf8 21. Qa3 Qxa3 22. Rxa3 Be6 23. Rd1 d3 24. cxd3 Bxb2 25. Ra7 c3 26. Nd4 b4 27. Ba4 b3 28. Rb1 c2 29. Nxc2 bxc2 30. Bxc2 Kg7 31. g3 Rhc8 32. Bd1 Bd4 33. Rxb8 Rxb8 34. Ra4 Bc5 35. d4 Rb1 36. dxc5 Rxd1+ 37. Kg2 Rc1 38. Ra5 h5 39. f4 Bg4 40. Kf2 Rc3 41. Rb5 Rf3+ 42. Kg2 Re3 43. e5 Rc3 44. Kf2 Be6 45. Kg2 Kg6 46. Ra5 Kf5 47. Kf2 Kg4 48. Ra8 Rf3+ 49. Ke2 Rxg3 50. c6 Rc3 0-1


[Site "https://www.chess.com"]

[Event "Titled Tuesday Blitz March 29 Late 2022"]
[White "Hnydiuk, Aleksander"]
[Black "Kosteniuk, Alexandra"]
[WhiteFideId "1109057"]
[BlackFideId "4128125"]
[WhiteElo "2374"]
[BlackElo "2469"]
[Result "0-1"]
[Round "07"]
[TimeControl "180+1"]
[Date "2022.03.29"]
[WhiteClock "0:00:13"]
[BlackClock "0:00:31"]

1. Nf3 Nf6 2. c4 e6 3. g3 d5 4. d4 dxc4 5. Bg2 Nc6 6. Qa4 Bb4+ 7. Bd2 Bd6 8. Na3 Rb8 9. Nxc4 b5 10. Nxd6+ cxd6 11. Qa3 O-O 12. O-O Bb7 13. Rfc1 a5 14. Bf4 b4 15. Qa4 Ne7 16. a3 Qb6 17. axb4 axb4 18. Qa7 Bxf3 19. Bxf3 Ned5 20. Bd2 b3 21. Qxb6 Rxb6 22. Ra7 h6 23. e4 Nb4 24. Rcc7 Nd3 25. Bc3 d5 26. e5 Ne4 27. Bxe4 dxe4 28. Kf1 g5 29. Ke2 Nb4 30. Bxb4 Rxb4 31. Ke3 Kg7 32. Rab7 Rxb7 33. Rxb7 Rc8 34. Rxb3 Rc2 35. Rb7 Kg6 36. h3 h5 37. Rb6 Kf5 38. Rb7 Kg6 39. g4 h4 40. Rb6 Kg7 41. b4 Rc3+ 42. Kxe4 Rxh3 43. d5 exd5+ 44. Kxd5 Rd3+ 45. Ke4 Rd2 46. Ke3 Rb2 47. Rb7 h3 48. Rc7 Rb1 49. e6 h2 50. e7 h1=Q 0-1


[Site "https://www.chess.com"]

[Event "Titled Tuesday Blitz March 29 Late 2022"]
[White "Holt, Conrad"]
[Black "Quintiliano Pinto, Renato R."]
[WhiteFideId "2034387"]
[BlackFideId "2117568"]
[WhiteElo "2586"]
[BlackElo "2439"]
[Result "1-0"]
[Round "07"]
[TimeControl "180+1"]
[Date "2022.03.29"]
[WhiteClock "0:00:08"]
[BlackClock "0:00:21"]

1. d4 d5 2. c4 e6 3. Nc3 c6 4. e3 Nf6 5. Bd3 Nbd7 6. e4 dxe4 7. Nxe4 Bb4+ 8. Bd2 Bxd2+ 9. Qxd2 Nxe4 10. Bxe4 O-O 11. Nf3 c5 12. O-O-O Nf6 13. Bc2 cxd4 14. Qxd4 Qxd4 15. Rxd4 Bd7 16. Ne5 Bc6 17. Nxc6 bxc6 18. Rhd1 Rfc8 19. g4 h6 20. h4 c5 21. Rf4 Rd8 22. g5 hxg5 23. hxg5 Rxd1+ 24. Kxd1 Rd8+ 25. Ke2 Nd7 26. Re4 Nb6 27. g6 Rd6 28. gxf7+ Kxf7 29. Rf4+ Ke7 30. Rg4 Kf6 31. Ke3 g5 32. b3 Nd7 33. Rg1 Ne5 34. Rh1 Ng4+ 35. Ke2 Ne5 36. Rh6+ Kg7 37. Rh7+ Kf6 38. Rc7 Nc6 39. Be4 Nd4+ 40. Ke3 Ra6 41. Rxc5 e5 42. Bb1 Ne6 43. Rc8 Rd6 44. Ra8 a6 45. Bc2 Nf4 46. c5 Nd5+ 47. Kf3 Re6 48. Be4 Nb4 49. a3 Nc6 50. Bxc6 Rxc6 51. b4 1-0


[Site "https://www.chess.com"]

[Event "Titled Tuesday Blitz March 29 Late 2022"]
[White "Ibarra Jerez, Jose Carlos"]
[Black "Petrovic, Aleksa"]
[WhiteFideId "2226332"]
[BlackFideId "967629"]
[WhiteElo "2626"]
[BlackElo "2245"]
[Result "1-0"]
[Round "07"]
[TimeControl "180+1"]
[Date "2022.03.29"]
[WhiteClock "0:00:59"]
[BlackClock "0:00:04"]

1. e4 c5 2. Nc3 Nc6 3. Nge2 Nf6 4. d4 cxd4 5. Nxd4 e5 6. Ndb5 h6 7. Nd6+ Bxd6 8. Qxd6 Qe7 9. Qxe7+ Kxe7 10. b3 d6 11. Ba3 Be6 12. O-O-O Rhd8 13. Nd5+ Bxd5 14. exd5 Nd4 15. c3 Rac8 16. Kb2 Nf5 17. g3 Kf8 18. Bh3 g6 19. Rhe1 Kg7 20. Bb4 Rc7 21. c4 b6 22. f4 exf4 23. Bc3 f3 24. Rd3 f2 25. Rf1 Ne7 26. Rxf2 Ng8 27. Rdf3 Re7 28. Rxf6 Nxf6 29. Bxf6+ Kf8 30. Bxe7+ Kxe7 31. Kc3 f5 32. Re2+ Kf7 33. Re6 Rd7 34. Kd4 1-0


[Site "https://www.chess.com"]

[Event "Titled Tuesday Blitz March 29 Late 2022"]
[White "Ilyasli, Ughur"]
[Black "Vifleemskaia, Svetlana"]
[WhiteFideId "13416197"]
[BlackFideId "4129490"]
[WhiteElo "2045"]
[BlackElo "1901"]
[Result "1-0"]
[Round "07"]
[TimeControl "180+1"]
[Date "2022.03.30"]
[WhiteClock "0:01:09"]
[BlackClock "0:00:09"]

1. d4 Nf6 2. c4 e6 3. Nc3 Bb4 4. Qb3 a5 5. a3 Bxc3+ 6. Qxc3 d5 7. Nf3 Ne4 8. Qc2 O-O 9. e3 c6 10. Bd3 f5 11. O-O Nd7 12. b3 g5 13. Bb2 g4 14. Ne5 Nxe5 15. dxe5 Bd7 16. f3 gxf3 17. gxf3 Nc5 18. Kh1 Qh4 19. Be2 f4 20. cxd5 b6 21. b4 axb4 22. axb4 Rxa1 23. Rxa1 fxe3 24. bxc5 Kf7 25. Ra7 Qe1+ 26. Kg2 Rg8+ 27. Kh3 Qg1 28. Qxh7+ Rg7 29. Rxd7+ 1-0


[Site "https://www.chess.com"]

[Event "Titled Tuesday Blitz March 29 Late 2022"]
[White "Janaszak, Dawid"]
[Black "Sapunov, Evgeny"]
[WhiteFideId "1119206"]
[BlackFideId "4126661"]
[WhiteElo "2199"]
[BlackElo "2470"]
[Result "0-1"]
[Round "07"]
[TimeControl "180+1"]
[Date "2022.03.29"]
[WhiteClock "0:00:01"]
[BlackClock "0:00:19"]

1. e4 g6 2. Nc3 Bg7 3. Bc4 c5 4. h4 h5 5. Qf3 e6 6. d4 cxd4 7. Nb5 d6 8. Bf4 Be5 9. Bxe5 dxe5 10. Qa3 Ne7 11. Nd6+ Kf8 12. Nh3 Kg7 13. O-O Rf8 14. f4 Nbc6 15. Ng5 f6 16. Nxc8 fxg5 17. Nxe7 Qxe7 18. Qxe7+ Nxe7 19. fxe5 gxh4 20. Bxe6 Nc6 21. Bd5 Nxe5 22. Rad1 Rac8 23. Rxf8 Kxf8 24. Rd2 b6 25. Bb3 Rd8 26. Kh2 Ke7 27. Bd5 Rc8 28. Bb3 Rd8 29. Bd5 g5 30. Rxd4 g4 31. Ra4 a5 32. b4 axb4 33. Rxb4 Rd6 34. c4 Rf6 35. a4 Kd8 36. Rb2 Rf1 37. g3 h3 38. Rb3 Kc7 39. c5 bxc5 40. a5 Nf3+ 41. Rxf3 Rxf3 42. a6 Rf2+ 43. Kg1 Rg2+ 44. Kh1 Kb6 0-1


[Site "https://www.chess.com"]

[Event "Titled Tuesday Blitz March 29 Late 2022"]
[White "Jarocka, Liwia"]
[Black "Le Goff, Ronan"]
[WhiteFideId "21807558"]
[BlackFideId "612073"]
[WhiteElo "1896"]
[BlackElo "2276"]
[Result "1-0"]
[Round "07"]
[TimeControl "180+1"]
[Date "2022.03.30"]
[WhiteClock "0:01:16"]
[BlackClock "0:00:46"]

1. c4 g6 2. Nf3 Bg7 3. Nc3 Nf6 4. g3 O-O 5. Bg2 c6 6. O-O d5 7. cxd5 cxd5 8. d4 Nc6 9. Ne5 Ng4 10. Nxc6 bxc6 11. h3 Nh6 12. Bf4 Nf5 13. e3 f6 14. g4 Nh4 15. Bh1 g5 16. Bg3 Ng6 17. Rc1 e5 18. dxe5 fxe5 19. Nxd5 Be6 20. Nc3 Qb6 21. Na4 Qb5 22. b3 Rad8 23. Qc2 Bd5 24. Qc5 Bxh1 25. Kxh1 Qe2 26. Qc4+ Qxc4 27. Rxc4 Rd2 28. a3 Rd3 29. Nc5 Rxe3 30. fxe3 Rxf1+ 31. Kg2 Rb1 32. Rc2 Bf8 33. b4 Ra1 34. Ne6 Rxa3 35. Rxc6 Rxe3 36. Rc8 h6 37. Bf2 Re2 38. Kf1 Rxf2+ 39. Kxf2 Kf7 40. Nxf8 Nxf8 41. Rc7+ Ke6 42. Rxa7 Nd7 43. Ke3 Nf6 44. Ra6+ Ke7 45. Rxf6 Kxf6 46. Ke4 Ke6 47. b5 Kd6 48. b6 Kc6 49. Kxe5 Kxb6 50. Kf6 Kc6 51. Kg6 Kd6 52. Kxh6 Ke6 53. Kxg5 1-0


[Site "https://www.chess.com"]

[Event "Titled Tuesday Blitz March 29 Late 2022"]
[White "Jensen, Matthew R"]
[Black "Koutlas, Nikolaos"]
[WhiteFideId "2018110"]
[BlackFideId "25827138"]
[WhiteElo "2290"]
[BlackElo "1610"]
[Result "0-1"]
[Round "07"]
[TimeControl "180+1"]
[Date "2022.03.30"]
[WhiteClock "0:00:16"]
[BlackClock "0:00:22"]

1. d4 b6 2. e4 Bb7 3. Bd3 e6 4. Nf3 c5 5. c3 Nf6 6. e5 Nd5 7. O-O cxd4 8. cxd4 Be7 9. Nc3 O-O 10. Ne4 f5 11. exf6 Nxf6 12. Qe2 Nc6 13. Nxf6+ Bxf6 14. Qe4 g6 15. Bh6 Rf7 16. Qg4 Ne7 17. Ne5 Bxe5 18. dxe5 Nf5 19. Bg5 Qf8 20. Rac1 h5 21. Qe2 Kh7 22. Rc7 Bc6 23. Rc1 Kg8 24. Bb5 Nd4 25. Qd3 Nxb5 26. Qxg6+ Rg7 27. Qxh5 Qf5 28. R7xc6 dxc6 29. h4 Nd4 30. Qd1 c5 31. b4 Qe4 32. bxc5 Ne2+ 33. Kf1 Nxc1 34. Qxc1 bxc5 35. Qc3 Qb1+ 36. Ke2 Qxa2+ 37. Kf3 Qd5+ 38. Ke3 Qd4+ 39. Qxd4 cxd4+ 40. Kxd4 a5 0-1


[Site "https://www.chess.com"]

[Event "Titled Tuesday Blitz March 29 Late 2022"]
[White "Karavaeva, Olga"]
[Black "Tsukerman, Julia"]
[WhiteFideId "4124111"]
[BlackFideId "2621649"]
[WhiteElo "2105"]
[BlackElo "2132"]
[Result "1-0"]
[Round "07"]
[TimeControl "180+1"]
[Date "2022.03.30"]
[WhiteClock "0:01:22"]
[BlackClock "0:01:07"]

1. c4 e6 2. g3 Nf6 3. Bg2 d5 4. Nf3 Be7 5. O-O O-O 6. b3 dxc4 7. bxc4 c5 8. d3 Nc6 9. Nc3 Bd7 10. Rb1 Rb8 11. Bf4 Ra8 12. Rxb7 Nb4 13. a3 Nc6 14. Qb1 Qa5 15. Nb5 a6 16. Nc7 Rac8 17. Ne5 Nxe5 18. Bxe5 Qxa3 19. Bxf6 Bxf6 20. Nxa6 Bc6 21. Bxc6 Rxc6 22. Nc7 Qa5 23. Qb5 Qxb5 24. cxb5 Rd6 25. Rc1 Bd4 26. b6 Rc8 27. Nb5 Rdd8 28. Nxd4 cxd4 29. Rxc8 Rxc8 30. Rc7 1-0


[Site "https://www.chess.com"]

[Event "Titled Tuesday Blitz March 29 Late 2022"]
[White "Karttunen, Mika"]
[Black "Pakleza, Zbigniew"]
[WhiteFideId "502081"]
[BlackFideId "1119290"]
[WhiteElo "2343"]
[BlackElo "2467"]
[Result "0-1"]
[Round "07"]
[TimeControl "180+1"]
[Date "2022.03.29"]
[WhiteClock "0:00:03"]
[BlackClock "0:00:04"]

1. e4 d6 2. d4 Nf6 3. f3 Nbd7 4. Be3 e5 5. d5 Be7 6. c4 O-O 7. Nc3 Ne8 8. g4 Bh4+ 9. Kd2 g6 10. Bd3 Ng7 11. Nge2 Nc5 12. Bc2 a5 13. Qg1 b6 14. Rf1 Bd7 15. b3 Kh8 16. Kc1 f5 17. h3 Bg5 18. gxf5 Bxe3+ 19. Qxe3 gxf5 20. h4 f4 21. Qf2 Nh5 22. Rfg1 Rg8 23. Rxg8+ Qxg8 24. Rg1 Qf7 25. Rg5 Rg8 26. Qg2 h6 27. Rxg8+ Qxg8 28. Qxg8+ Kxg8 29. Kd2 Kg7 30. Ke1 Kg6 31. a3 Ng7 32. b4 axb4 33. axb4 Na6 34. Na2 Kh5 35. Kf2 Kxh4 36. Bd3 Nb8 37. Nec3 Kg5 38. Nc1 Kf6 39. Nb3 Ke7 40. c5 bxc5 41. bxc5 c6 42. Bc4 Ne8 43. dxc6 Bxc6 44. Bd5 Nf6 45. Bxc6 Nxc6 46. cxd6+ Kxd6 47. Nb5+ Ke6 48. Nc5+ Kf7 49. Nd6+ Kg6 50. Nf5 h5 51. Nd3 Nd7 52. Kg2 Kg5 53. Nd6 Nd4 54. Nf7+ Kf6 55. Nd6 Nb3 56. Nc4 Nbc5 57. Nb4 Ke6 58. Nd5 Nf6 59. Nc7+ Kd7 60. Nb5 Nd3 61. Nc3 Ke6 62. Nb5 h4 63. Nc7+ Kd7 64. Nb5 Kc6 65. Nba3 Kc5 66. Na5 Kd4 67. Nc6+ Ke3 68. Nc4+ Ke2 69. N6xe5 Ne1+ 70. Kh3 Nxf3 71. Nxf3 Kxf3 72. Kxh4 Kxe4 73. Kh3 Nd5 74. Kg2 Ne3+ 75. Nxe3 Kxe3 76. Kg1 Ke2 0-1


[Site "https://www.chess.com"]